 Dungeon Crawl Stone Soup version 0.19-a0 (webtiles) character file.

49 varam the Insei (level 3, 27/30 HPs)
             Began as a Draconian Transmuter on Apr 27, 2016.
             Was a Follower of Sif Muna.
             Quit the game on level 2 of the Dungeon.
             The game lasted 00:02:39 (1345 turns).

varam the Insei (Draconian Transmuter)              Turns: 1345, Time: 00:02:41

Health: 27/30      AC:  5    Str: 12    XL:     3   Next: 51%
Magic:  6/6        EV: 12    Int: 13    God:    Sif Muna [*.....]
Gold:   41         SH:  0    Dex: 12    Spells: 2 memorised, 3 levels left

rFire  . . .     SeeInvis .       - Unarmed
rCold  . . .     Gourm    .     (armour unavailable)
rNeg   . . .     Faith    .     (no shield)
rPois  .         Spirit   .     (helmet restricted)
rElec  .         Dismiss  .     (no cloak)
rCorr  .         Reflect  .     (no gloves)
SustAt .         Harm     .     (no boots)
MR     .....                    (no amulet)
Stlth  +.........               (no ring)
                                (no ring)

@: not resistant to hostile enchantments, very unstealthy
A: unfitting armour, cold-blooded, AC +5
a: Channel Energy, Renounce Religion


You were on level 2 of the Dungeon.
You worshipped Sif Muna.
Sif Muna was aware of your devotion.
You were not hungry.

You visited 1 branch of the dungeon, and saw 2 of its levels.

You collected 41 gold pieces.

Inventory:

Missiles
 a - 55 arrows
Scrolls
 e - a scroll of enchant armour {unknown}
 f - a scroll of noise {unknown}
Potions
 h - a potion of mutation {unknown}
 i - a potion of cure mutation {unknown}
 j - a potion of heal wounds {unknown}
Books
 b - a book of Changes

   Spells                             Type                      Level
   a - Beastly Appendage              Transmutation                1
   b - Sticks to Snakes               Transmutation                2
   c - Spider Form                    Transmutation/Poison         3
   d - Ice Form                       Ice/Transmutation            4
   e - Blade Hands                    Transmutation                5
Comestibles
 c - a bread ration
 d - 8 chunks of flesh
 g - a beef jerky


   Skills:
 + Level 2.5 Fighting
 - Level 1.7 Dodging
 + Level 3.2 Unarmed Combat
 - Level 2.0 Spellcasting
 + Level 3.0 Transmutations


You had 3 spell levels left.
You knew the following spells:

 Your Spells              Type           Power        Failure   Level  Hunger
a - Beastly Appendage     Trmt           #.....       10%         1    ##.....
b - Sticks to Snakes      Trmt           #.......     12%         2    ###....


Dungeon Overview and Level Annotations

Branches:
Dungeon (2/15)

Altars:
Sif Muna


Innate Abilities, Weirdness & Mutations

Your plain brown scales are hard (AC +5).
Your body does not fit into most forms of armour.
You are cold-blooded and may be slowed by cold attacks.


Message History

The rat is heavily wounded.
The rat bites you but does no damage.
You hit the rat but do no damage.
The rat is heavily wounded.
The rat bites you but does no damage.
You hit the rat.
You kill the rat!
You see here a rat corpse.
You butcher the rat corpse.
d - 8 chunks of flesh (gained 1)
You see here a rat skeleton.
There is a faded altar to an unknown god here.
You aren't carrying any pieces of jewellery.
This altar will convert you to a god.
You cannot discern which.
Do you pray? Sif Muna accepts your prayer! Sif Muna welcomes you!
You can now tap ambient magical fields.
Are you sure you want to abandon this character and quit the game? (Confirm with "yes".)
Okay, then.
Are you sure you want to abandon this character and quit the game? (Confirm with "yes".)

..#.# #.........# #.#.#
#.........# #.#.#
#.........# ..#.#
#.........# ..#.#
#.........# ..#.######
#.........#
..#......##.#...8.....#
..#......##....8.8....#
..##.....###..8.@.8...#
..##.....#
#...8.8รท.###
####.....#
##...8.......#
'..'.....#
#.......###.#
####)....# #...#####
.....##### #... .....+
#... .....# #... .....#
##


There were no monsters in sight!

Vanquished Creatures
  2 worms (D:2)
  A dart slug (D:1)
  2 giant geckos (D:1)
  5 bats (D:1)
  A giant cockroach (D:1)
  5 goblins
  6 hobgoblins
  A ball python (D:1)
  A giant newt (D:1)
  10 kobolds
  4 rats
38 creatures vanquished.

Notes
Turn   | Place    | Note
--------------------------------------------------------------
     0 | D:1      | varam the Draconian Transmuter began the quest for the Orb.
     0 | D:1      | Reached XP level 1. HP: 16/16 MP: 3/3
    75 | D:1      | Reached XP level 2. HP: 16/23 MP: 5/5
   828 | D:1      | Reached XP level 3. HP: 29/29 MP: 4/6
  1099 | D:1      | Learned a level 2 spell: Sticks to Snakes
  1319 | D:2      | Found a faded altar to an unknown god.
  1345 | D:2      | Became a worshipper of Sif Muna the Loreminder
  1345 | D:2      | Reached * piety under Sif Muna
  1345 | D:2      | Quit the game

Vault maps used:
D:1:      matt_arrival_refuge
D:2:      gammafunk_temple_overflow_statue, ecumenical_altar_2, first_bread

Skill      XL: |  1  2  3 |
---------------+----------+-----
Fighting       | 2 |  2.5
Transmutations | 3 |  3.0
Dodging        | |  1.7
Unarmed Combat | |  3.2
Spellcasting   | |  2.0

Action                   || total
-------------------------++-------
Melee: Unarmed           ||   115
       Tailslap          ||    12
       Headbutt          ||     5
       Kick              ||     4
       Punch             ||     2
 Cast: Beastly Appendage ||    15
 Stab: Sleeping          ||     1
  Eat: Chunk             ||     2
Armor: Skin              ||    38
Dodge: Dodged            ||    70
